cohdb
Replays
Latest Replays
All Replays
Popular Replays
Top Player Replays
Match Explorer
How It Works
Community
CoH3 Stats
Reddit
Sign in to upload your games and track your stats! →
Sign in with Steam
Match 41720001
Unlisted
Match 41720001
Overview
Messages
Build Orders
End
Royal Engineer Section
Construct Section Command Post
Dingo Light Scout Car
Infantry Section
Infantry Section
Grenade Package
Infantry Section
Construct Platoon Command Post
Selects Canadian Shock Battlegroup
Selects Offensive Resupply
Humber Armored Car
Selects Canadian Shock Section
Canadian Shock Section
Infantry Training
Construct Field Infirmary
Selects Incendiary Munitions
Selects Pyrotechnics
6-pounder Anti-tank Gun Team
Agua de Jamaica
MJP919
0
0
Comments
sign in to comment!
No comments posted yet!